 Dungeon Crawl Stone Soup version 0.23.2-33-g5129a83184 (console) character file.

Game seed: 14537756931775794421

1369 FlyingSalmon the Spear-Bearer (level 8, 0/60 HPs)
             Began as a Merfolk Gladiator on July 26, 2019.
             Was an Initiate of Okawaru.
             Killed from afar by an orc wizard (4 damage)
             ... with a magic dart
             ... on level 5 of the Dungeon.
             The game lasted 00:30:13 (5539 turns).

FlyingSalmon the Spear-Bearer (Merfolk Gladiator)   Turns: 5539, Time: 00:30:13

Health: 0/60       AC: 15    Str: 17      XL:     8   Next: 65%
Magic:  8/8        EV:  6    Int:  7      God:    Okawaru [......]
Gold:   279        SH:  5    Dex: 14 (15) Spells: 7/7 levels left

rFire    . . .     SeeInvis .   a - +1 trident
rCold    . . .     Gourm    .   m - +0 buckler
rNeg     . . .     Faith    .   g - +0 plate armour
rPois    .         Spirit   .   c - +0 helmet
rElec    .         Reflect  .   t - +2 cloak
rCorr    .         Harm     .   (no gloves)
MR       .....                  (no boots)
Stlth    ..........             (no amulet)
HPRegen  0.20/turn              (no ring)
MPRegen  0.11/turn              (no ring)

@: no status effects
A: change form in water, swift swim, stealthy swim
a: Renounce Religion


You were on level 5 of the Dungeon.
You worshipped Okawaru.
Okawaru was noncommittal.
You were not hungry.

You visited 2 branches of the dungeon, and saw 7 of its levels.

You collected 279 gold pieces.

Inventory:

Hand Weapons
 a - a +1 trident (weapon)
Missiles
 d - 3 throwing nets
 j - 112 stones (quivered)
Armour
 c - a +0 helmet (worn)
 g - a +0 plate armour (worn)
 m - a +0 buckler (worn)
 t - a +2 cloak (worn)
Jewellery
 b - an uncursed amulet of guardian spirit {unknown}
Wands
 n - a wand of iceblast (9)
 y - a wand of disintegration (30)
Scrolls
 h - 2 scrolls of enchant weapon
 l - a scroll of identify
 p - a scroll of noise {unknown}
 r - a scroll of magic mapping
 u - a scroll of enchant armour {unknown}
 w - a scroll of teleportation {unknown}
 x - a scroll of fear
 B - a scroll of blinking {unknown}
Potions
 e - a potion of curing
 i - 2 potions of flight {unknown}
 k - 2 potions of lignification {unknown}
 o - a potion of invisibility {unknown}
 q - a potion of haste {unknown}
 s - 2 potions of berserk rage {unknown}
 v - 2 potions of agility {unknown}
 z - a potion of might {unknown}
 A - 3 potions of degeneration {unknown}
Comestibles
 f - 12 rations


   Skills:
 + Level 4.0 Fighting
 * Level 12.0 Polearms
 - Level 2.0 Throwing
 + Level 2.0 Armour
 + Level 4.8 Dodging
 * Level 3.8 Shields


You had 7 spell levels left.
You didn't know any spells.
Your spell library contained the following spells:

 Spells                   Type           Power        Failure   Level  Hunger
 Beastly Appendage        Tmut           #.....       100%        1    ##.....
 Confusing Touch          Hex            #.....       100%        1    ##.....
 Sticks to Snakes         Tmut           #.......     100%        2    ###....
 Confuse                  Hex            #.......     100%        3    ####...
 Gell's Gravitas          Tloc           #.........   100%        3    ####...
 Spider Form              Tmut/Pois      #.........   100%        3    ####...
 Ice Form                 Ice/Tmut       #.......     100%        4    #####..
 Petrify                  Tmut/Erth      #.......     100%        4    #####..
 Blade Hands              Tmut           #.........   100%        5    ######.
 Metabolic Englaciation   Hex/Ice        #.........   100%        5    ######.
 Yara's Violent Unravell  Hex/Tmut       #.........   100%        5    ######.


Dungeon Overview and Level Annotations

Branches:
Dungeon (6/15)             Temple (1/1) D:6

Altars:
Ashenzari
Elyvilon
Fedhas
Gozag
Makhleb
Okawaru
Qazlal
Trog
Uskayaw
Wu Jian
Yredelemnul
Zin
The Shining One

Annotations:
D:2 Sigmund


Message History

The magic dart hits you!
* * * LOW HITPOINT WARNING * * *
Something hits you.
* * * LOW HITPOINT WARNING * * *
You block something's attack. Something hits you.
* * * LOW HITPOINT WARNING * * *
There is an escape hatch in the ceiling, spattered with blood here.
You hear some strange, mumbled words.
A puff of flame appears from out of thin air!
The puff of flame hits you.
* * * LOW HITPOINT WARNING * * *
A mysterious force pulls you upwards. The hatch slams shut behind you.
Reactivating autopickup.
You start resting.
Something hits you.
* * * LOW HITPOINT WARNING * * *
Deactivating autopickup; reactivate with Ctrl-A.
A magic dart appears from out of thin air!
The magic dart hits you.
You die...

#....).#.#.#.#...#
######.#.#.......#
#..........######
#................
#..........##....
##########'###.....#....
#......#.....#.....#####
#......#.#.#.#.....#
#.....)@.._..).....#
#......#.#.#(#####.#
#....{.#.....#####.#
#......###'###.....#
#..........#.#######
#.........##.########
############.#......#
#.#......# #.#......####


There were no monsters in sight!

Vanquished Creatures
  Eustachio (D:5)
  3 ogres
  A phantom (D:5)
  A centaur (D:5)
  A howler monkey (D:4)
  2 crimson imps (D:5)
  3 hounds
  A jelly (D:5)
  A quasit (D:5)
  Crazy Yiuf (D:4)
  An orc wizard (D:4)
  A bullfrog skeleton (D:5)
  Natasha (twice) (D:2)
  6 worker ants
  Robin (D:3)
  A worker ant zombie (D:5)
  A howler monkey skeleton (D:4)
  10 adders
  2 shadow imps (D:5)
  An adder zombie (D:5)
  An adder skeleton (D:5)
  A worm (D:2)
  A dart slug (D:2)
  4 leopard geckos
  13 orcs
  9 bats
  10 giant cockroaches
  12 goblins
  10 hobgoblins
  5 jackals (D:4)
  9 kobolds
  2 quokkas
  2 ball pythons
  6 frilled lizards
  A quokka skeleton (D:5)
  10 rats
137 creatures vanquished.

Notes
Turn   | Place    | Note
-------+----------+-------------------------------------------
     0 | D:1      | FlyingSalmon the Merfolk Gladiator began the quest for the
                  | Orb.
     0 | D:1      | Reached XP level 1. HP: 16/16 MP: 1/1
   154 | D:1      | Reached XP level 2. HP: 22/22 MP: 2/2
   297 | D:1      | Reached skill level 5 in Polearms
   667 | D:2      | Reached XP level 3. HP: 28/28 MP: 3/3
   772 | D:2      | Found a faded altar of an unknown god.
   907 | D:2      | Noticed Sigmund
  1129 | D:3      | Reached skill level 6 in Polearms
  1129 | D:3      | Reached XP level 4. HP: 34/34 MP: 4/4
  1332 | D:3      | Noticed Robin
  1639 | D:2      | Noticed Natasha
  1646 | D:2      | Killed Natasha
  1715 | D:2      | Reached XP level 5. HP: 38/39 MP: 5/5
  1716 | D:2      | Noticed Natasha
  1721 | D:2      | Killed Natasha
  1721 | D:2      | Reached skill level 7 in Polearms
  1721 | D:2      | Reached skill level 1 in Shields
  2082 | D:3      | Killed Robin
  2555 | D:4      | Found a bloodstained altar of Trog.
  2561 | D:4      | Reached skill level 8 in Polearms
  2561 | D:4      | Reached skill level 1 in Armour
  2561 | D:4      | Reached XP level 6. HP: 35/46 MP: 6/6
  2822 | D:4      | Found a runed translucent door.
  2823 | D:4      | Noticed Crazy Yiuf
  2836 | D:4      | Paralysed by Crazy Yiuf for 2 turns
  2846 | D:4      | Killed Crazy Yiuf
  3120 | D:5      | Entered Level 5 of the Dungeon
  3136 | D:5      | Noticed Eustachio
  3136 | D:5      | Noticed a phantom
  3147 | D:4      | Reached skill level 9 in Polearms
  3147 | D:4      | Reached XP level 7. HP: 23/51 MP: 7/7
  3888 | D:5      | Reached skill level 10 in Polearms
  4336 | D:6      | Found a glowing golden altar of the Shining One.
  4488 | D:5      | Found a glowing silver altar of Zin.
  4538 | D:5      | Reached XP level 8. HP: 55/58 MP: 8/8
  4560 | D:5      | Reached skill level 11 in Polearms
  4575 | D:5      | Killed Eustachio
  5127 | D:5      | Found a blossoming altar of Fedhas.
  5323 | D:6      | Found a staircase to the Ecumenical Temple.
  5370 | Temple   | Entered the Ecumenical Temple
  5472 | Temple   | Became a worshipper of Warmaster Okawaru
  5518 | D:6      | Reached skill level 12 in Polearms
  5539 | D:5      | Killed from afar by an orc wizard

Skill      XL: |  1  2  3  4  5  6  7  8 |
---------------+-------------------------+-----
Polearms       | 5 6 8 9 10 12 | 12.0
Shields        | 1 2 3 |  3.8
Armour         | 1 2 |  2.0
Fighting       | 3 4 |  4.0
Throwing       | |  2.0
Dodging        | |  4.8

Action                   |  1- 3 |  4- 6 |  7- 9 || total
-------------------------+-------+-------+-------++-------
Melee: Trident           |   125 |   226 |   291 ||   642
Throw: Stone             |    13 |     7 |    14 ||    34
  Use: Scroll            |       |     6 |     1 ||     7
       Potion            |       |     3 |       ||     3
 Stab: Sleeping          |     1 |       |       ||     1
  Eat: Chunk             |     1 |     7 |     7 ||    15
Armor: Leather armour    |    12 |       |       ||    12
       Ring mail         |    16 |     3 |       ||    19
       Plate armour      |       |    93 |   121 ||   214
Dodge: Dodged            |    57 |    46 |    55 ||   158
Block: Buckler           |     7 |    26 |    46 ||    79
